 Dungeon Crawl Stone Soup version 0.30.0-19-g36f170ea60 (webtiles) character file.

Game seed: 8004464091785896743

3729 Brutalitops the Gouger (level 9, -1/36 HPs)
             Began as a Felid Chaos Knight on May 30, 2023.
             Was a Plaything of Xom.
             Slain by an orc warrior
             ... wielding a +0 hand axe
              (8 damage)
             ... on level 9 of the Dungeon.
             The game lasted 00:40:38 (9413 turns).

Brutalitops the Gouger (Felid Chaos Knight)         Turns: 9413, Time: 00:40:38

Health: -1/36      AC:  6    Str:  8    XL:     9   Next: 92%
Magic:  18/18      EV: 20    Int: 16    God:    Xom [.*....]
Gold:   1560       SH:  5    Dex: 15    Spells: 14/18 levels left
                                        Lives:  0   Deaths: 2

rFire   . .          .
                       - Unarmed
rCold   . . .        (shield unavailable)
rNeg    . . .        (body armour unavailable)
rPois   +            (helmet unavailable)
rElec   .            (cloak unavailable)
rCorr   .            (gloves unavailable)
SInv    +            (boots unavailable)
Will    +....        p - amulet of reflection
Stlth   +++          b - +4 ring of protection
HPRegen 0.26/turn    g - ring of poison resistance
MPRegen 0.16/turn

%: reflection
@: quick
A: very small, claws 1, fangs 3, see invisible, speed 1, shaggy fur 2, stealthy
paws, no weapons or thrown items, no armour, multi-lived, horns 2, clumsy 1,
frail 1
a: Renounce Religion


You were on level 9 of the Dungeon.
You worshipped Xom.
You were a plaything of Xom.
You visited 1 branch of the dungeon, and saw 9 of its levels.

You collected 1612 gold pieces.
You spent 52 gold pieces at shops.

Inventory:

Jewellery
 b - a +4 ring of protection (left paw)
 d - a ring of resist corrosion
 g - a ring of poison resistance (right paw)
 l - a +5 ring of evasion
 p - an amulet of reflection (around neck)
 v - a ring of protection from fire
Wands
 k - a wand of digging (7)
 o - a wand of flame (8)
 s - a wand of iceblast (9)
 t - a wand of paralysis (17)
Scrolls
 c - 2 scrolls of amnesia
 e - a scroll of magic mapping
 q - 4 scrolls of teleportation
 r - 2 scrolls of identify
Potions
 f - a potion of flight
 h - 2 potions of lignification
 i - 2 potions of ambrosia
 j - 4 potions of attraction
 m - 2 potions of curing
 u - a potion of invisibility
Miscellaneous
 a - a piece from Xom's chessboard (15/15) (quivered)


   Skills:
 + Level 4.8 Fighting
 + Level 7.3 Dodging
 + Level 6.4 Stealth
 + Level 10.3 Unarmed Combat
 * Level 5.4 Spellcasting
 * Level 6.1 Transmutations
 + Level 1.3 Evocations


You had 14 spell levels left.
You knew the following spells:

 Your Spells              Type           Power      Damage    Failure   Level
a - Wereblood             Tmut           23%        N/A       1%          2
b - Blink                 Tloc           8%         N/A       22%         2

Your spell library contained the following spells:

 Spells                   Type           Power      Damage    Failure   Level
 Lesser Beckoning         Tloc           8%         N/A       22%         2
 Momentum Strike          Conj/Tloc      8%         3d8       22%         2
 Sublimation of Blood     Necr           4%         N/A       22%         2
 Summon Hydra             Summ           2%         N/A       100%        7


Dungeon Overview and Level Annotations

Branches:
Dungeon (9/15)             Temple (0/1) D:6
   Lair: D:8-11         Orc: D:9-12

Altars:
Cheibriados
Fedhas
Nemelex Xobeh
Okawaru
Uskayaw
Vehumet
Xom
Yredelemnul
The Shining One

Shops:
D:3 (?[*=

Annotations:
D:7 exclusion: oklob plant


Innate Abilities, Weirdness & Mutations

You have sharp claws.
You have razor-sharp teeth.
You have supernaturally acute eyesight. (SInv)
You cover ground quickly. (Speed+)
You are covered in thick fur. (AC +2)
Your paws help you pounce on unaware monsters.
You are incapable of wielding weapons or throwing items.
You cannot wear armour.
You gain extra lives every three experience levels.
You have a pair of horns on your head.
You are clumsy. (Dex -2)
You are frail. (-10% HP)


Message History

Your headbutt misses the water moccasin.
The water moccasin is severely wounded.
The water moccasin bites you! x2
* * * LOW HITPOINT WARNING * * *
You miss the water moccasin.
The water moccasin is severely wounded.
The water moccasin barely misses you.
You claw the water moccasin!
You kill the water moccasin!
You are no longer corroded.
An orc warrior comes into view. It is wielding a +0 hand axe.
The orc warrior throws a boomerang.
You block the boomerang with an invisible shield... and reflect it back!
The boomerang hits the orc warrior but does no damage.
An orc comes into view. It is wielding a +0 dagger.
An orc comes into view. It is wielding a +0 short sword.
The orc warrior hits you with a +0 hand axe!
* * * LOW HITPOINT WARNING * * *
A shower of butterflies erupts from you!
The orc shouts!
You scratch the orc warrior. Your claw misses the orc warrior.
The orc warrior is lightly wounded.
You scratch the orc warrior but do no damage.
Your headbutt misses the orc warrior. Your bite misses the orc warrior.
The orc warrior is lightly wounded.
You block the orc warrior's attack.
The orc warrior hits your butterfly with a +0 hand axe!
Your butterfly dies!
Your butterfly disappears in a puff of smoke!
The orc warrior hits your butterfly with a +0 hand axe!
Your butterfly dies!
Your butterfly disappears in a puff of smoke!
The orc warrior hits your butterfly with a +0 hand axe.
Your butterfly dies!
Your butterfly degenerates into a cloud of primal chaos!
You scratch the orc warrior.
The orc warrior is lightly wounded.
The orc warrior hits you with a +0 hand axe!
You die...
Xom is highly amused!

..# ##.##....##....
...###.## #...# ##.....
....#.## #.## .o..
..#..## #.# #... .....##
#.###..o ......##
#.##... #...##.## #....§
#..# ##.######b§o## #.#
##.........@§####.
..####..######...).....#
....#..## #..........
.......# ##..bb......
######.# ##†...##...##
##.## ##.†...# ....#
#...###)....## ...#
###......)##...# ...#
..........####........


You could see an orc warrior (ally target) and 2 orcs.

Vanquished Creatures
  Grinder (D:4)
  Menkaure (D:4)
  4 water moccasins
  An acid dragon (D:9)
  An orc warrior (D:7)
  3 ice beasts
  A hornet zombie (D:6)
  A sky beast (D:7)
  A black bear (D:5)
  4 ogres
  3 centaurs
  A kobold brigand (D:9)
  A phantom (D:5)
  3 bullfrogs
  2 necrophages (D:6)
  6 scorpions
  7 wights (D:6)
  3 killer bees (D:8)
  A howler monkey (D:7)
  A bullfrog zombie (D:6)
  2 jellies
  10 orc priests
  2 hounds
  A human zombie (D:6)
  Crazy Yiuf (D:5)
  2 gnoll boudas
  8 orc wizards
  3 sleepcaps (D:7)
  2 iguanas
  Ijyb (D:4)
  3 mummies (D:6)
  2 howler monkey zombies (D:6)
  5 adders
  12 gnolls
  3 shadow imps
  A white imp (D:6)
  A worm (D:3)
  A dart slug (D:1)
  10 orcs
  3 ball pythons
  6 endoplasms
  A giant cockroach (D:1)
  6 goblins
  4 hobgoblins
  9 jackals (D:3)
  5 quokkas
  3 bats
  A frilled lizard (D:3)
  6 kobolds
  5 rats
165 creatures vanquished.

Vanquished Creatures (collateral kills)
  Duvessa (D:4)
  A gnoll sergeant (D:5)
  Dowan (D:4)
  An orc wizard (D:5)
  An orc (D:5)
  A hobgoblin (D:4)
6 creatures vanquished.

Vanquished Creatures (others)
  A water moccasin (D:9)
  A killer bee (D:8)
  An orc wizard (D:7)
3 creatures vanquished.

Grand Total: 174 creatures vanquished

Notes
Turn   | Place    | Note
-------+----------+-------------------------------------------
     0 | D:1      | Brutalitops the Felid Chaos Knight began the quest for the
                  | Orb.
     0 | D:1      | Reached XP level 1. HP: 10/10 MP: 2/2
   201 | D:1      | XOM: silly message
   233 | D:1      | Reached XP level 2. HP: 14/14 MP: 3/3
   616 | D:1      | XOM: silly message
   665 | D:1      | XOM: 1-stop teleportation journey
   805 | D:1      | XOM: smoke on damage
  1051 | D:2      | Reached XP level 3. HP: 9/18 MP: 4/4
  1080 | D:2      | XOM: scenery: summon butterflies
  1102 | D:2      | XOM: give mutation
  1102 | D:2      | Gained mutation: You are robust. (+10% HP) [Xom's grace]
  1395 | D:2      | XOM: give mutations
  1395 | D:2      | Gained mutation: Your spells are a little easier to cast,
                  | but a little less powerful. [Xom's mischief]
  1395 | D:2      | Gained mutation: Your magical capacity is low. (-10% MP)
                  | [Xom's mischief]
  1395 | D:2      | Lost mutation: Your spells are a little easier to cast, but
                  | a little less powerful. [Xom's mischief]
  1395 | D:2      | Lost mutation: You are robust. (+10% HP) [Xom's mischief]
  1834 | D:2      | Reached skill level 1 in Stealth
  1834 | D:2      | Reached skill level 4 in Unarmed Combat
  1834 | D:2      | Reached XP level 4. HP: 16/22 MP: 4/4
  1873 | D:3      | Found Obuopropp's Armour Shoppe.
  1938 | D:3      | XOM: smoke on damage
  2004 | D:3      | Found Rahe Dee's Jewellery Emporium.
  2060 | D:3      | Found Hodghob's Assorted Antiques.
  2068 | D:3      | Bought a scroll labelled TITAYNL FICURCH for 26 gold pieces
  2068 | D:3      | Bought a scroll labelled PATSOE TALOSES for 26 gold pieces
  2144 | D:3      | Found Xilasm's Magic Scroll Emporium.
  2161 | D:3      | Learned a level 2 spell: Wereblood
  2207 | D:3      | Found a hide-covered altar of Uskayaw.
  2227 | D:3      | Found Bun Jaumn's Antique Weapon Boutique.
  2268 | D:3      | Found a glowing golden altar of the Shining One.
  2327 | D:3      | XOM is BORED!
  2327 | D:3      | XOM: give mutations
  2327 | D:3      | Gained mutation: You are dopey. (Int -2) [Xom's mischief]
  2327 | D:3      | Gained mutation: You are vulnerable to heat. (rF-) [Xom's
                  | mischief]
  2327 | D:3      | Lost mutation: Your magical capacity is low. (-10% MP)
                  | [Xom's mischief]
  2327 | D:3      | Gained mutation: You are somewhat resistant to further
                  | mutation. [Xom's mischief]
  2348 | D:3      | You fall into a shaft and drop 2 floors!
  2348 | D:5      | Entered Level 5 of the Dungeon
  2453 | D:5      | Noticed a scorpion
  2454 | D:5      | XOM: stat loss: -1 Dex (16/17)
  2461 | D:5      | XOM: blink monster(s)
  2465 | D:5      | XOM: confusion
  2494 | D:5      | Noticed a scorpion
  2503 | D:5      | Killed a scorpion
  2504 | D:5      | Reached XP level 5. HP: 23/25 MP: 3/6
  2554 | D:5      | XOM: enchant monster (bad)
  2557 | D:5      | XOM: confuse monster(s)
  2563 | D:5      | Reached skill level 1 in Transmutations
  2592 | D:5      | XOM: 3-stop teleportation journey
  2674 | D:5      | Lost mutation: You are dopey. (Int -2) [potion of mutation]
  2674 | D:5      | Lost mutation: You are vulnerable to heat. (rF-) [potion of
                  | mutation]
  2674 | D:5      | Lost mutation: You are somewhat resistant to further
                  | mutation. [potion of mutation]
  2674 | D:5      | Gained mutation: Your spells are a little easier to cast,
                  | but a little less powerful. [potion of mutation]
  2674 | D:5      | Gained mutation: You are clumsy. (Dex -2) [potion of
                  | mutation]
  2683 | D:5      | Reached skill level 1 in Spellcasting
  2880 | D:5      | XOM: silly message
  2907 | D:5      | Noticed a phantom
  2910 | D:5      | XOM: cleaving
  2925 | D:4      | Noticed Duvessa
  2925 | D:4      | Noticed Dowan
  2943 | D:4      | XOM: divination: detect creatures
  2950 | D:4      | XOM: cast spell 'Cause Fear'
  2951 | D:4      | XOM: destruction
  3057 | D:4      | XOM: 1-stop teleportation journey
  3175 | D:4      | Noticed Menkaure
  3175 | D:4      | Noticed an ogre
  3176 | D:4      | XOM: divination: detect creatures
  3398 | D:4      | Reached skill level 5 in Unarmed Combat
  3398 | D:4      | Gained mutation: You are covered in thick fur. (AC +2)
                  | [Felid growth]
  3398 | D:4      | Reached XP level 6. HP: 28/28 MP: 8/8
  3463 | D:4      | XOM: summons 4 friendly demons
  3466 | D:4      | Killed Duvessa
  3475 | D:4      | Killed Dowan
  3538 | D:4      | XOM: cloud trail
  3622 | D:4      | XOM: confuse monster(s)
  3704 | D:4      | XOM: god gift: 46 gold pieces
  3781 | D:4      | Reached XP level 7. HP: 32/32 MP: 10/10
  3788 | D:4      | Noticed Grinder
  3818 | D:4      | Killed Grinder
  3819 | D:4      | Reached skill level 6 in Unarmed Combat
  4247 | D:4      | Killed Menkaure
  4248 | D:4      | Reached skill level 5 in Dodging
  4375 | D:4      | Noticed Ijyb
  4383 | D:4      | Killed Ijyb
  4561 | D:4      | XOM: butterfly on damage
  4599 | D:4      | XOM: divination: magic mapping
  4808 | D:4      | Reached XP level 8. HP: 36/36 MP: 12/12
  4869 | D:4      | XOM: god gift: runed falchion {god gift}
  4962 | D:4      | XOM: scenery: create altars
  5017 | D:5      | XOM: 5-stop teleportation journey
  5061 | D:5      | XOM: noise
  5068 | D:5      | XOM: noise
  5253 | D:5      | XOM: confusion
  5269 | D:5      | Reached skill level 7 in Unarmed Combat
  5363 | D:5      | XOM: blink monster(s)
  5367 | D:5      | XOM: cast spell 'Summon Cactus Giant'
  5528 | D:5      | XOM: silly message
  5757 | D:5      | XOM: god gift: potion of lignification
  5774 | D:5      | Slain by a gnoll sergeant
  5775 | D:5      | Reached XP level 7. HP: -1/32 MP: 12/13
  5872 | D:5      | XOM: smoke on damage
  5876 | D:5      | Slain by a gnoll sergeant
  5877 | D:5      | Reached XP level 6. HP: 0/28 MP: 12/12
  5990 | D:5      | Found a runed translucent door.
  5991 | D:5      | Noticed Crazy Yiuf
  6001 | D:5      | Killed Crazy Yiuf
  6116 | D:5      | XOM: give mutations
  6116 | D:5      | Gained mutation: You have a pair of small horns on your
                  | head. [Xom's mischief]
  6116 | D:5      | Gained mutation: Your mind is acute. (Int +4, Str/Dex -1)
                  | [Xom's mischief]
  6128 | D:5      | Reached skill level 8 in Unarmed Combat
  6128 | D:5      | Reached XP level 7. HP: 23/32 MP: 13/13
  6235 | D:6      | XOM: destruction
  6354 | D:6      | XOM: blink monster(s)
  6355 | D:6      | XOM: enchant monster (bad)
  6359 | D:6      | XOM: summons 3 friendly demons
  6467 | D:6      | XOM: enchant monster (good)
  6500 | D:6      | Found a staircase to the Ecumenical Temple.
  6507 | D:6      | Reached skill level 5 in Stealth
  6532 | D:6      | Reached XP level 8. HP: 36/36 MP: 14/14
  6569 | D:6      | XOM: summons 2 hostile shadow creatures
  6595 | D:6      | XOM: enchant monster (good)
  6609 | D:6      | Learned a level 2 spell: Blink
  6645 | D:6      | XOM: destruction
  6659 | D:6      | XOM: enchant monster (bad)
  6830 | D:6      | Reached skill level 1 in Evocations
  6831 | D:6      | Found a basalt altar of Yredelemnul.
  6869 | D:6      | Reached skill level 5 in Transmutations
  7024 | D:6      | Reached skill level 9 in Unarmed Combat
  7313 | D:6      | Found a sparkling altar of Nemelex Xobeh.
  7445 | D:7      | XOM: noise
  7499 | D:7      | XOM: give mutation
  7499 | D:7      | Lost mutation: Your spells are a little easier to cast, but
                  | a little less powerful. [Xom's mischief]
  7647 | D:7      | Found the +5 woodcutter's axe
  7656 | D:7      | Reached XP level 9. HP: 38/39 MP: 16/16
  7751 | D:7      | XOM: 2-stop teleportation journey
  7767 | D:7      | Paralysed by a centaur for 2 turns
  7782 | D:7      | Paralysed by a centaur for 3 turns
  8121 | D:7      | XOM: destruction
  8186 | D:7      | Reached skill level 5 in Spellcasting
  8195 | D:7      | XOM: butterfly on damage
  8305 | D:7      | Identified a scroll of acquirement
  8306 | D:7      | Acquired 1187 gold pieces
  8401 | D:7      | XOM: silly message
  8411 | D:7      | Found a blossoming altar of Fedhas.
  8423 | D:7      | Noticed an oklob plant
  8502 | D:7      | Reached skill level 10 in Unarmed Combat
  8630 | D:8      | XOM: silly message
  8700 | D:8      | Found a snail-covered altar of Cheibriados.
  8701 | D:8      | XOM: confuse monster(s)
  8826 | D:8      | Found a radiant altar of Vehumet.
  8931 | D:8      | XOM: give mutations
  8931 | D:8      | Gained mutation: You have a pair of horns on your head.
                  | [Xom's mischief]
  8931 | D:8      | Lost mutation: Your mind is acute. (Int +4, Str/Dex -1)
                  | [Xom's mischief]
  8931 | D:8      | Gained mutation: You are frail. (-10% HP) [Xom's mischief]
  8943 | D:8      | XOM: enchant monster (good)
  9261 | D:9      | Found an iron altar of Okawaru.
  9323 | D:9      | XOM: noise
  9338 | D:9      | XOM: potion effect (heal wounds)
  9355 | D:9      | XOM: noise
  9356 | D:9      | XOM: enchant monster (good)
  9410 | D:9      | XOM: butterfly on damage
  9413 | D:9      | Slain by an orc warrior

Illustrated notes

Levels and vault maps discovered:
D:1:      heliophobic_arrival_battle_scene, layout_basic, dk_noncrumbling_4,
          minmay_misc_feat_five
D:2:      layout_loops_cross
D:3:      layout_rooms, nicolae_uskayaw_dance_hall,
          nicolae_tso_carved_into_rock, serial_shops, nicolae_shop_stone,
          shop_fountains, shop, shop, nicolae_shop_crystal,
          chequers_serial_rivers_micro_c
D:4:      layout_layer_cave, uniq_grinder, uniq_menkaure, uniq_duvessa,
          uniq_ijyb
D:5:      layout_basic, st_stairs_8, amcnicky_mini_pool_small,
          uniq_crazy_yiuf_cottage
D:6:      layout_cave_pools, nemelex_diamond_rough_becter,
          lemuel_mausoleum_altar_yredelemnul, minmay_temple_entry_junction
D:7:      layout_basic, tgw_fedhas, minmay_fractal_squares_diagonal_5
D:8:      layout_rooms, lemuel_doored_altar, mainiacjoe_overflow_paths
D:9:      layout_layer_cave, lemuel_crystal_altar, guppyfry_shop_venom

Skill      XL: |  1  2  3  4  5  6  7  8  9 |
---------------+----------------------------+-----
Stealth        | 1 2 3 5 6 |  6.4
Unarmed Combat | 4 5 8 6 9 10 | 10.3
Dodging        | 4 6 7 |  7.3
Transmutations | 1 2 3 5 6 |  6.1
Spellcasting   | 1 2 4 5 |  5.4
Fighting       | 4 |  4.8
Evocations     | 1 |  1.3

Action                     |  1- 3 |  4- 6 |  7- 9 || total
---------------------------+-------+-------+-------++-------
  Melee: Unarmed           |    95 |   144 |   482 ||   721
         Bite              |     8 |    16 |    59 ||    83
         Punch             |     3 |     6 |    21 ||    30
         Headbutt          |       |     3 |    76 ||    79
   Cast: Wereblood         |       |     2 |     5 ||     7
  Evoke: Wand              |       |     1 |    13 ||    14
    Use: Scroll            |     3 |    10 |     7 ||    20
         Potion            |       |     3 |    11 ||    14
   Stab: Sleeping          |     4 |     4 |     9 ||    17
         Confused          |       |     2 |       ||     2
         Invisible         |       |     1 |       ||     1
         Distracted        |       |     1 |       ||     1
         Petrifying        |       |       |     1 ||     1
 Armour: Skin              |     5 |    19 |    72 ||    96
  Dodge: Dodged            |    51 |   105 |   339 ||   495
  Block: Other             |       |       |    54 ||    54
         Reflection        |       |       |     1 ||     1
